[ AOE2 MATCH · #459114277 ]
UnrankedShu vs Britons
[ REPLAY ANALYSIS · EXTRACTED FROM THE RECORDED GAME ]
Feudal
10:20
Castle
24:01
Imperial
40:30
| APM avg | 11.6 |
| APM peak | 34 |
| eAPM avg | 9.2 |
| Villagers / military | 80 / 45 |
Focus
⚔️ 19.1% · 🌾 80.9%
Unknown (1959) ×63 · Spearman ×30 · Skirmisher ×15 · Unknown (1942) ×4
Feudal
11:18
Castle
23:23
Imperial
38:11
| APM avg | 17.2 |
| APM peak | 36 |
| eAPM avg | 11.7 |
| Villagers / military | 93 / 75 |
Focus
⚔️ 33.7% · 🌾 66.3%
Longbowman ×41 · Archer ×25 · Cavalry Archer ×6 · Trade Cart ×5 · Trebuchet (Packed) ×3
Feudal
—
Castle
—
Imperial
—
| APM avg | 9.5 |
| APM peak | 24 |
| eAPM avg | 7.6 |
| Villagers / military | 40 / 83 |
Focus
⚔️ 37.6% · 🌾 62.4%
Skirmisher ×30 · Militia ×16 · Archer ×10 · Knight ×9 · Battering Ram ×7 · Janissary ×6
Feudal
10:09
Castle
18:46
Imperial
39:21
| APM avg | 33.4 |
| APM peak | 94 |
| eAPM avg | 15.5 |
| Villagers / military | 98 / 51 |
Focus
⚔️ 26.9% · 🌾 73.1%
Skirmisher ×28 · Spearman ×16 · Unknown (2550) ×4 · Battering Ram ×3 · Mangonel ×2 · Trebuchet (Packed) ×2
Match map
Initial resources + every placement click. Lines = walls · curves = elevation contours. ◆ gold · ⬟ stone · ● berries · ✦ relic · ◌ wall gap
Your base· ✓ Closed at 24:01 · 0t walls · 2 gate(s)
THEMATRIXX's base· ✓ Closed at 23:23 · 0t walls · 2 gate(s)
WARRIOR9608's base· ✓ Closed at 28:55 · 1t walls · 2 gate(s)
Tanger's base· ✓ Closed at 18:46 · 0t walls · 2 gate(s)
Smoothed initial terrain · ◌ = detected wall gap · hover for details
Inputs per minute
— 羊驼驼咩 - - THEMATRIXX
Build order — 羊驼驼咩
First 150 of 222 actions detected
| 0:11 | Build | House |
| 0:13 | Create | Villager (Male) |
| 0:14 | Create | Villager (Male) |
| 0:14 | Create | Villager (Male) |
| 0:14 | Create | Villager (Male) |
| 0:14 | Create | Villager (Male) |
| 0:15 | Create | Villager (Male) |
| 1:38 | Create | Villager (Male) |
| 1:46 | Build | House |
| 2:12 | Create | Villager (Male) |
| 2:44 | Create | Villager (Male) |
| 2:54 | Build | Mill |
| 3:10 | Create | Villager (Male) |
| 3:36 | Create | Villager (Male) |
| 3:50 | Create | Villager (Male) |
| 3:59 | Build | House |
| 4:28 | Research | Loom |
| 4:41 | Build | House |
| 5:04 | Create | Villager (Male) |
| 5:21 | Create | Villager (Male) |
| 5:40 | Create | Villager (Male) |
| 6:04 | Create | Villager (Male) |
| 6:38 | Create | Villager (Male) |
| 6:59 | Create | Villager (Male) |
| 7:28 | Build | Lumber Camp |
| 8:08 | Create | Villager (Male) |
| 8:11 | Research | Feudal Age |
| 9:50 | Build | House |
| 9:55 | Build | House |
| 10:20 | Age | Feudal Age |
| 10:24 | Research | Double-Bit Axe |
| 10:27 | Research | Wheelbarrow |
| 10:30 | Research | Horse Collar |
| 10:33 | Create | Villager (Male) |
| 10:33 | Create | Villager (Male) |
| 10:34 | Create | Villager (Male) |
| 10:34 | Create | Villager (Male) |
| 10:34 | Create | Villager (Male) |
| 10:34 | Create | Villager (Male) |
| 10:55 | Build | House |
| 10:56 | Build | House |
| 11:23 | Build | Mining Camp |
| 11:31 | Build | Mining Camp |
| 12:01 | Build | House |
| 12:39 | Build | Barracks |
| 13:01 | Build | Farm |
| 13:40 | Build | Archery Range |
| 13:51 | Create | Villager (Male) |
| 13:53 | Create | Villager (Male) |
| 13:53 | Create | Villager (Male) |
| 13:53 | Create | Villager (Male) |
| 13:54 | Create | Villager (Male) |
| 13:54 | Create | Villager (Male) |
| 14:09 | Build | Lumber Camp |
| 14:21 | Build | Lumber Camp |
| 14:29 | Create | Villager (Male) |
| 14:29 | Create | Villager (Male) |
| 14:39 | Build | House |
| 15:09 | Build | Farm |
| 15:18 | Research | Gold Mining |
| 15:26 | Build | House |
| 15:27 | Build | House |
| 15:33 | Build | Farm |
| 15:59 | Build | Farm |
| 16:24 | Build | Farm |
| 16:31 | Build | House |
| 16:32 | Build | House |
| 16:49 | Build | Farm |
| 16:53 | Create | Villager (Male) |
| 17:04 | Research | Stone Mining |
| 17:13 | Build | Farm |
| 17:16 | Create | Villager (Male) |
| 17:16 | Create | Villager (Male) |
| 17:37 | Build | House |
| 17:38 | Build | House |
| 17:42 | Build | Farm |
| 17:52 | Create | Villager (Male) |
| 17:53 | Create | Villager (Male) |
| 18:06 | Build | Mill |
| 18:12 | Build | Farm |
| 18:17 | Build | Farm |
| 18:23 | Build | Farm |
| 18:27 | Build | Farm |
| 18:31 | Build | Farm |
| 18:36 | Build | Farm |
| 18:42 | Build | Farm |
| 18:44 | Build | Farm |
| 18:47 | Build | House |
| 18:48 | Build | House |
| 18:51 | Build | Farm |
| 19:00 | Build | Farm |
| 19:05 | Create | Villager (Male) |
| 19:06 | Create | Villager (Male) |
| 19:20 | Build | Farm |
| 19:27 | Build | Farm |
| 19:31 | Build | Farm |
| 19:39 | Build | Farm |
| 19:46 | Build | Farm |
| 19:51 | Create | Villager (Male) |
| 19:52 | Create | Villager (Male) |
| 19:56 | Build | House |
| 19:59 | Build | House |
| 20:01 | Build | House |
| 20:44 | Build | Blacksmith |
| 20:50 | Create | Villager (Male) |
| 20:50 | Create | Villager (Male) |
| 21:17 | Research | Castle Age |
| 21:58 | Create | Skirmisher ×5 |
| 21:58 | Create | Skirmisher ×5 |
| 21:58 | Create | Skirmisher ×5 |
| 23:05 | Research | Fletching |
| 23:06 | Research | Forging |
| 23:07 | Research | Scale Mail Armor |
| 23:08 | Research | Padded Archer Armor |
| 24:01 | Age | Castle Age |
| 24:02 | Research | Hand Cart |
| 24:02 | Research | Hand Cart |
| 24:04 | Research | Bow Saw |
| 24:07 | Research | Heavy Plow |
| 24:21 | Build | Castle |
| 24:29 | Research | Bodkin Arrow |
| 24:43 | Create | Villager (Male) |
| 24:43 | Create | Villager (Male) |
| 24:43 | Create | Villager (Male) |
| 24:43 | Create | Villager (Male) |
| 24:44 | Create | Villager (Male) |
| 24:44 | Create | Villager (Male) |
| 24:45 | Create | Villager (Male) |
| 24:45 | Create | Villager (Male) |
| 25:28 | Build | Town Center |
| 25:58 | Research | Arson |
| 25:59 | Research | Squires |
| 26:03 | Research | Elite Skirmisher (upgrade) |
| 26:25 | Create | Villager (Male) |
| 26:25 | Create | Villager (Male) |
| 26:26 | Create | Villager (Male) |
| 26:26 | Create | Villager (Male) |
| 26:26 | Create | Villager (Male) |
| 26:33 | Build | Lumber Camp |
| 26:40 | Create | Villager (Male) |
| 26:40 | Create | Villager (Male) |
| 26:40 | Create | Villager (Male) |
| 26:41 | Create | Villager (Male) |
| 26:41 | Create | Villager (Male) |
| 26:41 | Create | Villager (Male) |
| 26:41 | Create | Villager (Male) |
| 26:42 | Create | Villager (Male) |
| 26:42 | Create | Villager (Male) |
| 26:42 | Create | Villager (Male) |
| 26:42 | Create | Villager (Male) |
Build order — THEMATRIXX
First 150 of 283 actions detected
| 0:25 | Research | Loom |
| 0:26 | Create | Villager (Male) |
| 0:26 | Create | Villager (Male) |
| 0:26 | Create | Villager (Male) |
| 0:26 | Create | Villager (Male) |
| 0:27 | Create | Villager (Male) |
| 0:31 | Build | House |
| 0:33 | Build | House |
| 0:36 | Build | House |
| 1:44 | Build | House |
| 2:52 | Create | Villager (Male) |
| 2:52 | Create | Villager (Male) |
| 3:04 | Build | Lumber Camp |
| 3:20 | Create | Villager (Male) |
| 3:21 | Create | Villager (Male) |
| 3:53 | Build | Lumber Camp |
| 3:59 | Create | Villager (Male) |
| 3:59 | Create | Villager (Male) |
| 3:59 | Create | Villager (Male) |
| 4:00 | Create | Villager (Male) |
| 4:22 | Create | Villager (Male) |
| 5:05 | Create | Villager (Male) |
| 5:21 | Create | Villager (Male) |
| 7:53 | Create | Villager (Male) |
| 7:54 | Create | Villager (Male) |
| 7:55 | Create | Villager (Male) |
| 8:08 | Build | Mill |
| 8:25 | Build | Mining Camp |
| 8:44 | Create | Villager (Male) |
| 8:59 | Research | Feudal Age |
| 9:09 | Create | Villager (Male) |
| 9:10 | Create | Villager (Male) |
| 9:10 | Create | Villager (Male) |
| 9:27 | Build | House |
| 9:28 | Build | House |
| 9:30 | Build | House |
| 9:31 | Build | House |
| 10:12 | Build | Farm |
| 10:12 | Build | Farm |
| 10:12 | Build | Farm |
| 10:13 | Build | Farm |
| 10:13 | Build | Farm |
| 10:13 | Build | Farm |
| 10:25 | Create | Villager (Male) |
| 10:27 | Create | Villager (Male) |
| 11:18 | Create | Villager (Male) |
| 11:18 | Age | Feudal Age |
| 11:23 | Research | Double-Bit Axe |
| 11:25 | Research | Horse Collar |
| 11:44 | Build | Blacksmith |
| 12:45 | Build | Barracks |
| 12:48 | Create | Villager (Male) |
| 13:09 | Build | Farm |
| 13:09 | Build | Farm |
| 13:09 | Build | Farm |
| 13:28 | Create | Villager (Male) |
| 13:36 | Create | Villager (Male) |
| 14:01 | Create | Villager (Male) |
| 14:16 | Build | Archery Range |
| 14:23 | Create | Villager (Male) |
| 14:24 | Create | Villager (Male) |
| 14:40 | Build | Market |
| 14:52 | Research | Gold Mining |
| 14:53 | Create | Villager (Male) |
| 15:06 | Create | Villager (Male) |
| 15:17 | Build | House |
| 15:20 | Build | House |
| 15:22 | Build | House |
| 16:22 | Build | House |
| 16:36 | Create | Villager (Male) |
| 16:45 | Research | Town Watch |
| 16:52 | Research | Wheelbarrow |
| 16:55 | Create | Villager (Male) |
| 16:56 | Create | Villager (Male) |
| 17:05 | Research | Stone Mining |
| 17:22 | Create | Archer |
| 17:22 | Create | Archer |
| 17:22 | Create | Archer |
| 17:23 | Create | Archer |
| 17:23 | Create | Archer |
| 17:23 | Create | Archer |
| 18:45 | Build | Farm |
| 18:46 | Build | Farm |
| 18:46 | Build | Farm |
| 18:46 | Build | Farm |
| 18:46 | Build | Farm |
| 18:47 | Build | Farm |
| 19:27 | Create | Villager (Male) |
| 19:27 | Create | Villager (Male) |
| 19:27 | Create | Villager (Male) |
| 19:27 | Create | Villager (Male) |
| 19:28 | Create | Villager (Male) |
| 19:41 | Build | Mining Camp |
| 20:40 | Create | Villager (Male) |
| 20:43 | Research | Castle Age |
| 22:38 | Create | Villager (Male) |
| 22:38 | Create | Villager (Male) |
| 22:38 | Create | Villager (Male) |
| 22:38 | Create | Villager (Male) |
| 22:39 | Create | Villager (Male) |
| 22:39 | Create | Villager (Male) |
| 23:23 | Age | Castle Age |
| 23:39 | Research | Crossbowman (upgrade) |
| 23:43 | Create | Villager (Male) |
| 23:50 | Build | Town Center |
| 24:08 | Research | Gold Shaft Mining |
| 24:17 | Create | Villager (Male) |
| 24:18 | Create | Villager (Male) |
| 24:21 | Create | Archer |
| 24:21 | Create | Archer |
| 24:21 | Create | Archer |
| 24:22 | Create | Archer |
| 24:22 | Create | Archer |
| 24:22 | Create | Archer |
| 24:26 | Research | Fletching |
| 24:40 | Build | Archery Range |
| 25:04 | Build | University |
| 25:19 | Research | Bow Saw |
| 25:26 | Create | Villager (Male) |
| 25:27 | Create | Villager (Male) |
| 25:27 | Create | Villager (Male) |
| 25:58 | Research | Town Watch |
| 26:45 | Create | Archer |
| 26:45 | Create | Archer |
| 26:45 | Create | Archer |
| 26:45 | Create | Archer |
| 26:45 | Create | Archer |
| 26:54 | Create | Archer |
| 26:54 | Create | Archer |
| 27:02 | Research | Forging |
| 27:04 | Research | Padded Archer Armor |
| 27:20 | Create | Villager (Male) |
| 27:20 | Create | Villager (Male) |
| 27:20 | Create | Villager (Male) |
| 27:26 | Build | Farm |
| 27:26 | Build | Farm |
| 27:26 | Build | Farm |
| 27:26 | Build | Farm |
| 27:30 | Create | Villager (Male) |
| 27:31 | Create | Villager (Male) |
| 27:31 | Create | Villager (Male) |
| 27:54 | Build | Town Center |
| 27:59 | Research | Ballistics |
| 28:08 | Research | Pikeman (upgrade) |
| 28:21 | Create | Cavalry Archer |
| 28:21 | Create | Cavalry Archer |
| 28:22 | Create | Cavalry Archer |
| 28:24 | Create | Cavalry Archer |
| 28:25 | Create | Cavalry Archer |
| 28:25 | Create | Cavalry Archer |
Build order — WARRIOR9608
First 150 of 186 actions detected
| 0:16 | Build | Mill |
| 0:20 | Build | House |
| 0:26 | Build | House |
| 0:29 | Build | House |
| 0:32 | Build | House |
| 0:40 | Create | Villager (Male) |
| 0:41 | Create | Villager (Male) |
| 0:41 | Create | Villager (Male) |
| 0:41 | Create | Villager (Male) |
| 2:04 | Create | Villager (Male) |
| 2:29 | Create | Villager (Male) |
| 2:59 | Create | Villager (Male) |
| 3:28 | Create | Villager (Male) |
| 4:05 | Create | Villager (Male) |
| 4:07 | Create | Villager (Male) |
| 4:29 | Create | Villager (Male) |
| 5:48 | Build | Lumber Camp |
| 5:54 | Create | Villager (Male) |
| 5:55 | Create | Villager (Male) |
| 5:55 | Create | Villager (Male) |
| 5:57 | Create | Villager (Male) |
| 6:00 | Create | Villager (Male) |
| 7:25 | Build | Mining Camp |
| 8:24 | Create | Villager (Male) |
| 8:24 | Create | Villager (Male) |
| 8:35 | Create | Villager (Male) |
| 9:03 | Build | House |
| 9:07 | Build | House |
| 9:11 | Build | House |
| 9:14 | Build | House |
| 9:28 | Research | Feudal Age |
| 10:35 | Build | Barracks |
| 10:51 | Build | House |
| 10:54 | Build | House |
| 10:57 | Build | House |
| 11:00 | Build | House |
| 11:07 | Build | House |
| 11:11 | Build | House |
| 11:14 | Build | House |
| 11:17 | Build | House |
| 11:41 | Build | Mill |
| 12:03 | Create | Villager (Male) |
| 12:03 | Create | Villager (Male) |
| 12:04 | Create | Villager (Male) |
| 12:06 | Create | Villager (Male) |
| 12:06 | Create | Villager (Male) |
| 12:07 | Create | Villager (Male) |
| 12:36 | Create | Villager (Male) |
| 13:00 | Build | Archery Range |
| 13:29 | Research | Double-Bit Axe |
| 14:22 | Build | Stable |
| 14:31 | Research | Man-at-Arms (upgrade) |
| 15:25 | Build | Market |
| 15:58 | Build | Farm |
| 16:03 | Build | Farm |
| 16:07 | Build | Farm |
| 16:13 | Build | Farm |
| 16:21 | Create | Villager (Male) |
| 16:21 | Create | Villager (Male) |
| 16:23 | Create | Villager (Male) |
| 16:27 | Research | Horse Collar |
| 17:23 | Build | Watch Tower |
| 17:32 | Create | Archer |
| 17:33 | Create | Archer |
| 17:33 | Create | Archer |
| 17:46 | Create | Villager (Male) |
| 17:47 | Create | Villager (Male) |
| 18:20 | Build | Archery Range |
| 18:25 | Build | Archery Range |
| 18:49 | Create | Militia |
| 18:49 | Create | Militia |
| 18:50 | Create | Militia |
| 18:50 | Create | Militia |
| 19:16 | Build | Watch Tower |
| 20:04 | Build | Watch Tower |
| 20:22 | Create | Militia |
| 20:22 | Create | Militia |
| 20:23 | Create | Militia |
| 20:31 | Create | Skirmisher |
| 20:31 | Create | Skirmisher |
| 20:31 | Create | Skirmisher |
| 20:35 | Create | Skirmisher |
| 20:35 | Create | Skirmisher |
| 20:46 | Build | Farm |
| 21:41 | Create | Militia |
| 21:41 | Create | Militia |
| 21:41 | Create | Militia |
| 22:30 | Create | Scout Cavalry |
| 22:31 | Create | Scout Cavalry |
| 22:48 | Create | Skirmisher |
| 22:48 | Create | Skirmisher |
| 23:50 | Build | Stone Wall |
| 24:03 | Build | Watch Tower |
| 24:37 | Create | Archer |
| 24:37 | Create | Archer |
| 24:37 | Create | Archer |
| 24:45 | Build | Blacksmith |
| 24:57 | Build | Farm |
| 25:01 | Build | Farm |
| 25:05 | Build | Farm |
| 25:10 | Build | Farm |
| 25:15 | Build | Farm |
| 25:19 | Build | Farm |
| 25:26 | Create | Villager (Male) |
| 25:26 | Create | Villager (Male) |
| 25:27 | Create | Villager (Male) |
| 26:14 | Build | Farm |
| 26:19 | Build | Farm |
| 26:23 | Create | Villager (Male) |
| 26:23 | Create | Villager (Male) |
| 27:52 | Build | Farm |
| 28:08 | Build | Lumber Camp |
| 28:55 | Research | Castle Age |
| 29:34 | Build | Barracks |
| 29:49 | Build | Stable |
| 30:10 | Create | Archer |
| 30:10 | Create | Archer |
| 30:12 | Create | Archer |
| 30:13 | Create | Archer |
| 30:16 | Create | Skirmisher |
| 30:17 | Create | Skirmisher |
| 30:17 | Create | Skirmisher |
| 30:17 | Create | Skirmisher |
| 31:52 | Build | Siege Workshop |
| 31:59 | Build | Siege Workshop |
| 32:40 | Create | Skirmisher |
| 32:41 | Create | Skirmisher |
| 32:41 | Create | Skirmisher |
| 32:41 | Create | Skirmisher |
| 32:44 | Create | Skirmisher |
| 32:44 | Create | Skirmisher |
| 32:44 | Create | Skirmisher |
| 33:42 | Create | Militia |
| 33:42 | Create | Militia |
| 33:42 | Create | Militia |
| 33:45 | Create | Knight |
| 35:25 | Build | Castle |
| 35:38 | Create | Villager (Male) |
| 35:38 | Create | Villager (Male) |
| 35:39 | Create | Villager (Male) |
| 35:39 | Create | Villager (Male) |
| 35:46 | Research | Heavy Plow |
| 35:59 | Create | Battering Ram |
| 35:59 | Create | Battering Ram |
| 36:10 | Create | Knight |
| 36:11 | Create | Knight |
| 36:11 | Create | Knight |
| 36:11 | Create | Knight |
| 36:15 | Create | Knight |
| 36:15 | Create | Knight |
Build order — Tanger
First 150 of 251 actions detected
| 0:03 | Create | Villager (Male) |
| 0:05 | Research | Loom |
| 0:05 | Create | Villager (Male) |
| 0:05 | Create | Villager (Male) |
| 0:06 | Create | Villager (Male) |
| 0:06 | Create | Villager (Male) |
| 0:06 | Create | Villager (Male) |
| 0:07 | Build | House |
| 0:12 | Build | House |
| 1:34 | Create | Villager (Male) |
| 1:35 | Create | Villager (Male) |
| 2:08 | Create | Villager (Male) |
| 2:08 | Create | Villager (Male) |
| 2:18 | Build | Settlement |
| 2:35 | Build | House |
| 3:02 | Create | Villager (Male) |
| 3:02 | Create | Villager (Male) |
| 3:02 | Create | Villager (Male) |
| 3:07 | Create | Villager (Male) |
| 3:07 | Create | Villager (Male) |
| 4:16 | Create | Villager (Male) |
| 4:16 | Create | Villager (Male) |
| 4:16 | Create | Villager (Male) |
| 4:55 | Create | Villager (Male) |
| 4:55 | Create | Villager (Male) |
| 4:55 | Create | Villager (Male) |
| 5:30 | Create | Villager (Male) |
| 5:30 | Create | Villager (Male) |
| 6:05 | Create | Villager (Male) |
| 6:06 | Create | Villager (Male) |
| 6:06 | Create | Villager (Male) |
| 6:19 | Build | Settlement |
| 7:11 | Build | Settlement |
| 7:59 | Research | Feudal Age |
| 8:08 | Build | Settlement |
| 9:04 | Create | Villager (Male) |
| 9:04 | Create | Villager (Male) |
| 10:09 | Age | Feudal Age |
| 10:24 | Research | Horse Collar |
| 10:25 | Research | Double-Bit Axe |
| 10:40 | Build | Market |
| 10:41 | Build | Blacksmith |
| 10:56 | Create | Villager (Male) |
| 12:02 | Build | House |
| 12:05 | Build | Barracks |
| 13:03 | Build | Archery Range |
| 13:09 | Build | Archery Range |
| 13:37 | Research | Tech 1402 |
| 13:38 | Research | Arson |
| 13:38 | Create | Unit 2550 |
| 13:39 | Create | Unit 2550 |
| 13:42 | Create | Unit 2550 |
| 14:22 | Create | Skirmisher |
| 14:22 | Create | Skirmisher |
| 14:52 | Create | Villager (Male) |
| 16:06 | Research | Castle Age |
| 17:31 | Research | Fletching |
| 17:39 | Create | Unit 2550 |
| 18:06 | Build | Settlement |
| 18:46 | Age | Castle Age |
| 19:06 | Create | Villager (Male) |
| 19:11 | Build | Town Center |
| 19:23 | Research | Heavy Plow |
| 19:37 | Research | Bow Saw |
| 20:11 | Create | Skirmisher |
| 20:12 | Create | Skirmisher |
| 20:12 | Create | Skirmisher |
| 20:12 | Create | Skirmisher |
| 20:12 | Create | Skirmisher |
| 20:50 | Create | Villager (Male) |
| 20:50 | Create | Villager (Male) |
| 20:57 | Create | Villager (Male) |
| 20:57 | Create | Villager (Male) |
| 20:57 | Create | Villager (Male) |
| 20:57 | Create | Villager (Male) |
| 20:58 | Create | Villager (Male) |
| 20:58 | Create | Villager (Male) |
| 21:10 | Create | Villager (Male) |
| 21:10 | Create | Villager (Male) |
| 21:10 | Create | Villager (Male) |
| 21:10 | Create | Villager (Male) |
| 22:55 | Build | Farm |
| 22:57 | Build | Farm |
| 23:02 | Build | Farm |
| 23:05 | Build | Farm |
| 23:06 | Build | Farm |
| 23:07 | Build | Farm |
| 23:21 | Build | Town Center |
| 23:29 | Create | Villager (Male) |
| 23:29 | Create | Villager (Male) |
| 23:29 | Create | Villager (Male) |
| 23:29 | Create | Villager (Male) |
| 23:29 | Create | Villager (Male) |
| 23:30 | Create | Villager (Male) |
| 23:30 | Create | Villager (Male) |
| 23:30 | Create | Villager (Male) |
| 24:05 | Create | Villager (Male) |
| 24:05 | Create | Villager (Male) |
| 24:05 | Create | Villager (Male) |
| 24:05 | Create | Villager (Male) |
| 24:32 | Create | Villager (Male) |
| 24:32 | Create | Villager (Male) |
| 24:33 | Create | Villager (Male) |
| 24:34 | Build | Farm |
| 24:38 | Build | Monastery |
| 24:50 | Build | University |
| 24:52 | Create | Villager (Male) |
| 24:53 | Create | Villager (Male) |
| 24:58 | Build | Farm |
| 24:59 | Build | Farm |
| 25:02 | Build | Farm |
| 25:05 | Create | Villager (Male) |
| 25:05 | Create | Villager (Male) |
| 25:11 | Create | Villager (Male) |
| 25:11 | Create | Villager (Male) |
| 25:17 | Build | Farm |
| 25:25 | Build | Farm |
| 25:46 | Build | Castle |
| 25:52 | Build | Farm |
| 25:53 | Create | Villager (Male) |
| 25:53 | Create | Villager (Male) |
| 25:53 | Create | Villager (Male) |
| 25:53 | Create | Villager (Male) |
| 26:04 | Build | Farm |
| 26:15 | Build | Farm |
| 26:41 | Research | Treadmill Crane |
| 26:47 | Create | Spearman |
| 26:47 | Create | Skirmisher |
| 26:47 | Create | Spearman |
| 26:48 | Create | Skirmisher |
| 26:48 | Create | Spearman |
| 26:48 | Create | Skirmisher |
| 26:48 | Create | Spearman |
| 26:52 | Create | Villager (Male) |
| 26:52 | Create | Villager (Male) |
| 27:25 | Build | Farm |
| 27:34 | Research | Wheelbarrow |
| 27:44 | Create | Villager (Male) |
| 27:44 | Create | Villager (Male) |
| 27:45 | Create | Villager (Male) |
| 27:45 | Create | Villager (Male) |
| 28:22 | Create | Villager (Male) |
| 28:23 | Create | Villager (Male) |
| 28:23 | Create | Villager (Male) |
| 28:23 | Create | Villager (Male) |
| 28:46 | Build | Castle |
| 28:52 | Build | Settlement |
| 29:02 | Create | Villager (Male) |
| 29:02 | Create | Villager (Male) |
| 29:03 | Create | Villager (Male) |
Match timeline
| 10:09 | Tanger · age_up feudal |
| 10:20 | 羊驼驼咩 · age_up feudal |
| 10:35 | WARRIOR9608 · first_building Barracks |
| 11:18 | THEMATRIXX · age_up feudal |
| 12:05 | Tanger · first_building Barracks |
| 12:39 | 羊驼驼咩 · first_building Barracks |
| 12:42 | Tanger · first_market_buy 100 food |
| 12:45 | THEMATRIXX · first_building Barracks |
| 13:00 | WARRIOR9608 · first_building Archery Range |
| 13:03 | Tanger · first_building Archery Range |
| 13:40 | 羊驼驼咩 · first_building Archery Range |
| 14:16 | THEMATRIXX · first_building Archery Range |
| 14:22 | WARRIOR9608 · first_building Stable |
| 15:47 | Tanger · first_market_sell 100 wood |
| 18:46 | Tanger · age_up castle |
| 23:23 | THEMATRIXX · age_up castle |
| 23:50 | WARRIOR9608 · wall_segment Stone Wall x1 |
| 24:01 | 羊驼驼咩 · age_up castle |
| 24:21 | 羊驼驼咩 · first_building Castle |
| 24:38 | Tanger · first_building Monastery |
| 25:46 | Tanger · first_building Castle |
| 28:24 | WARRIOR9608 · first_market_sell 100 wood |
| 28:28 | WARRIOR9608 · first_market_buy 100 food |
| 29:18 | THEMATRIXX · first_building Castle |
| 31:02 | Tanger · first_building Siege Workshop |
| 31:52 | WARRIOR9608 · first_building Siege Workshop |
| 35:25 | WARRIOR9608 · first_building Castle |
| 37:13 | 羊驼驼咩 · first_market_sell 100 food |
| 38:11 | THEMATRIXX · age_up imperial |
| 38:44 | 羊驼驼咩 · first_building Siege Workshop |
| 39:21 | Tanger · age_up imperial |
| 40:30 | 羊驼驼咩 · age_up imperial |
| 43:50 | 羊驼驼咩 · resign |
[ AI ANALYSIS · 1 CREDIT ]
What really happened in this match?
Wolo.gg analyzes every decision: build order, eco, micro, common mistakes by bracket. Personalized analysis on WhatsApp or Discord in 30 seconds.
Civ guide
Shu
Perfil
Jugador #3765889